 Dungeon Crawl Stone Soup version 0.31-a0-187-gba352fbbf7 (webtiles) character file.

Game seed: 6521898619176290699

52 pokeman the Magician (level 3, 0/20 HPs)
             Began as a Deep Elf Hedge Wizard on June 22, 2023.
             Hit by a goblin thrown by Robin (2 damage)
             ... on level 2 of the Dungeon.
             The game lasted 00:02:57 (1343 turns).

pokeman the Magician (Deep Elf Hedge Wizard)        Turns: 1343, Time: 00:02:57

Health: 0/20       AC:  2    Str:  7    XL:     3   Next: 60%
Magic:  1/11       EV: 12    Int: 20    God:
Gold:   38         SH:  0    Dex: 14    Spells: 4/12 levels left

rFire   . . .        g - +1 dagger (venom)
rCold   . . .        (no shield)
rNeg    + . .        b - +0 robe
rPois   .            c - +0 hat
rElec   .            (no cloak)
rCorr   .            (no gloves)
SInv    .            (no boots)
Will    .....        (no amulet)
Stlth   ++           j - ring of positive energy
HPRegen 0.23/turn    (no ring)
MPRegen 0.12/turn

%: no passive effects
@: no status effects
A: no striking features
a: no special abilities


You were on level 2 of the Dungeon.
You visited 1 branch of the dungeon, and saw 2 of its levels.

You collected 38 gold pieces.

Inventory:

Hand Weapons
 g - a +1 dagger of venom (weapon)
Armour
 b - a +0 robe (worn)
 c - a +0 hat (worn)
Jewellery
 j - a ring of positive energy (left hand)
Scrolls
 h - a scroll of brand weapon {unknown}
 i - a scroll of teleportation {unknown}
Potions
 a - a potion of curing
 d - a potion of magic
 e - a potion of might {unknown}
 f - a potion of attraction {unknown}


   Skills:
 - Level 1.0 Fighting
 - Level 1.0 Armour
 + Level 2.5 Dodging
 + Level 2.5 Stealth
 * Level 5.3 Spellcasting
 + Level 1.9 Conjurations
 - Level 1.1 Summonings
 - Level 1.1 Translocations


You had 4 spell levels left.
You knew the following spells:

 Your Spells              Type           Power      Damage    Failure   Level
a - Magic Dart            Conj           52%        1d5       4%          1
b - Mephitic Cloud        Conj/Pois/Air  7%         N/A       26%         3
c - Call Imp              Summ           18%        N/A       11%         2
d - Blink                 Tloc           18%        N/A       11%         2

Your spell library contained the following spells:

 Spells                   Type           Power      Damage    Failure   Level
 Summon Small Mammal      Summ           36%        N/A       7%          1
 Slow                     Hex            20%        N/A       12%         1
 Cigotuvi's Dreadful Rot  Necr/Pois/Air  10%        N/A       17%         2
 Call Canine Familiar     Summ           9%         N/A       22%         3
 Summon Guardian Golem    Hex/Summ       7%         N/A       26%         3


Dungeon Overview and Level Annotations

Branches:
Dungeon (2/15)

Altars:

Shops:
D:1 ?(   D:2 [

Annotations:
D:2 Robin


Message History

Robin is engulfed in noxious fumes.
Robin appears confused.
Robin drinks a potion.
Robin seems less confused.
Unknown command.
Robin is engulfed in noxious fumes.
Robin appears confused.
You barely miss Robin.
A hobgoblin comes into view.
The hobgoblin shouts!
You hit Robin.
Robin is poisoned.
Robin is lightly wounded.
Robin is engulfed in noxious fumes.
Robin appears confused.
Robin drinks a potion.
Robin is healed!
Robin looks more healthy.
Robin seems less confused.
You hit Robin.
Robin is lightly wounded.
The hobgoblin hits you. x2
* * * LOW HITPOINT WARNING * * *
Robin roars a battlecry!
The goblin goes into a battle-frenzy!
Unknown command.
The hobgoblin attacks as you move away! The hobgoblin barely misses you.
The hobgoblin attacks as you move away! The hobgoblin barely misses you.
Robin throws the goblin at you!
* * * LOW HITPOINT WARNING * * *
You hit the goblin.
The goblin is poisoned.
The goblin is severely wounded.
You kill the goblin!
The hobgoblin misses you. Robin barely misses you.
Unknown command.
Things that are here:
a +0 club; a +0 sling The hobgoblin attacks as you move away!
The hobgoblin closely misses you.
The hobgoblin no longer looks unusually strong.
The hobgoblin attacks as you move away! The hobgoblin hits you.
* * * LOW HITPOINT WARNING * * *
The hobgoblin no longer looks unusually strong.
Robin roars a battlecry!
The hobgoblins go into a battle-frenzy!
The hobgoblin attacks as you move away! The hobgoblin barely misses you.
Robin throws the goblin at you!
You die...

#.# #.###.###g# #.....# #.#
#....g....# ##...## #.#
#####.##### ##.## ####.### #.#
#.# #......# #g# #.# #.##.#.# #.#
##'## #.##.#.# #.# ##...##
#.#..#.# #g####### ##.....# #
#...##.# #@......###.......
####...##.######.g...............
'...................(............
####......######.#.....#.....∩...
# #........# #.##..###.#.......
#.##.###.# #.###.# #.##.....#
#.##...#.# #.###.###.###...##
#.####.#.# #.........# ##+##
#........# #####.##### #.#


You could see Robin, 2 hobgoblins and a goblin (strong).

Vanquished Creatures
  Natasha (D:2)
  A ball python (D:1)
  3 endoplasms
  A giant cockroach (D:2)
  7 goblins
  A hobgoblin (D:2)
  3 quokkas
  A bat (D:1)
  2 kobolds (D:1)
  3 rats
23 creatures vanquished.

Notes
Turn   | Place    | Note
-------+----------+-------------------------------------------
     0 | D:1      | pokeman the Deep Elf Hedge Wizard began the quest for the
                  | Orb.
     0 | D:1      | Reached XP level 1. HP: 10/10 MP: 7/7
     2 | D:1      | Noticed a demigod
     2 | D:1      | Noticed a troll
     4 | D:1      | Noticed an octopode
     4 | D:1      | Noticed a vampire
     6 | D:1      | Noticed a human
     8 | D:1      | Noticed a meteoran
     8 | D:1      | Noticed an elf
    10 | D:1      | Noticed a draconian
    12 | D:1      | Noticed a spriggan
    12 | D:1      | Noticed an ogre
    14 | D:1      | Noticed a felid
    14 | D:1      | Noticed a formicid
    17 | D:1      | Noticed a gargoyle
    17 | D:1      | Noticed a naga
    19 | D:1      | Noticed a ghoul
    21 | D:1      | Noticed an armataur
    21 | D:1      | Noticed a vine stalker
    23 | D:1      | Noticed a minotaur
    23 | D:1      | Noticed a demonspawn
    25 | D:1      | Noticed a tengu
    25 | D:1      | Noticed a tengu
    27 | D:1      | Noticed a vampire
    27 | D:1      | Noticed a demonspawn
   396 | D:1      | Reached XP level 2. HP: 16/16 MP: 4/9
   572 | D:1      | Found Ili Junkitt's Weapon Emporium.
   822 | D:1      | Found Kuxzyfa's Magic Scroll Shoppe.
   966 | D:2      | Noticed Natasha
   971 | D:2      | Killed Natasha
   972 | D:2      | Reached skill level 5 in Spellcasting
   972 | D:2      | Reached XP level 3. HP: 13/20 MP: 9/11
   976 | D:2      | Learned a level 3 spell: Mephitic Cloud
   979 | D:2      | Learned a level 2 spell: Call Imp
   982 | D:2      | Learned a level 2 spell: Blink
  1096 | D:2      | Found Pezutzeo's Antique Armour Emporium.
  1174 | D:2      | Reached skill level 1 in Fighting
  1174 | D:2      | Reached skill level 1 in Armour
  1298 | D:2      | Noticed Robin
  1343 | D:2      | Hit by a goblin thrown by Robin

Illustrated notes

Levels and vault maps discovered:
D:1:      kb_arrival_jail, layout_basic, serial_shops,
          nicolae_shop_back_alley_shop, nicolae_square_shop, hex_large
D:2:      minmay_razor_zed, layout_loops_corners, serial_shops, shop,
          uniq_robin, uniq_natasha

Skill      XL: |  1  2  3 |
---------------+----------+-----
Spellcasting   | 5 |  5.3
Fighting       | 1 |  1.0
Armour         | 1 |  1.0
Dodging        | |  2.5
Stealth        | |  2.5
Conjurations   | |  1.9
Summonings     | |  1.1
Translocations | |  1.1

Action                     || total
---------------------------++-------
  Melee: Dagger            ||     9
   Cast: Magic Dart        ||    52
         Mephitic Cloud    ||     1
   Stab: Sleeping          ||     1
 Armour: Robe              ||     2
  Dodge: Dodged            ||    17

Table legend: (Time is in decaauts)
 A = Elapsed time spent in this place.
 B = Non-inter-level travel time spent in this place.
 C = Inter-level travel time spent in this place.
 D = Time resting spent in this place.
 E = Time spent auto-exploring this place.
 F = Levels seen in this place.
 G = Mean time per level.
                   A        B        C        D        E       F      G
               +--------+--------+--------+--------+--------+-----+--------+
         Total |   1341 |   1325 |     16 |      0 |   1170 |   2 |  670.5 |
       Dungeon |   1341 |   1325 |     16 |      0 |   1170 |   2 |  670.5 |
               +--------+--------+--------+--------+--------+-----+--------+

Top non-repeatable levels by time:
     D:1: 965 daAuts
     D:2: 376 daAuts
